 Dungeon Crawl Stone Soup version 0.29-a0-323-g050149af67 (webtiles) character file.

Game seed: 8855347600844946289

2706 quinnr the Zephyrmancer (level 9, -2/48 HPs)
             Began as a Tengu Air Elementalist on Apr 11, 2022.
             Slain by a black bear (11 damage)
             ... on level 6 of the Dungeon.
             The game lasted 00:19:33 (10010 turns).

quinnr the Zephyrmancer (Tengu Air Elementalist)   Turns: 10010, Time: 00:19:34

Health: -2/48      AC:  3    Str: 10    XL:     9   Next: 65%
Magic:  1/14       EV: 19    Int: 19    God:
Gold:   319        SH:  0    Dex: 20    Spells: 6/13 levels left

rFire   . . .      SeeInvis +   d - staff of conjuration
rCold   . . .      Faith    .   (no shield)
rNeg    . . .      Spirit   .   a - +0 robe
rPois   .          Reflect  .   (helmet restricted)
rElec   .          Harm     .   H - +0 cloak
rCorr   .          Rampage  .   (no gloves)
Will    .....                   (boots unavailable)
Stlth   +++.......              (no amulet)
HPRegen 0.16/turn               p - ring of see invisible
MPRegen 0.14/turn               C - +6 ring of dexterity

@: flying quickly and evasively, quick
A: beak, talons 3, nimble flight
a: no special abilities


You were on level 6 of the Dungeon.
You visited 1 branch of the dungeon, and saw 6 of its levels.
You also visited: Ossuary.

You collected 319 gold pieces.

Inventory:

Missiles
 r - a throwing net
 w - 7 poisoned darts
Armour
 a - a +0 robe (worn)
 G - a scarf of harm
 H - a +0 cloak (worn)
Magical Staves
 d - a staff of conjuration (weapon)
Jewellery
 p - a ring of see invisible (left hand)
 t - a ring of fire
 C - a +6 ring of dexterity (right hand)
 I - a ring of ice
Wands
 n - a wand of flame (16)
 z - a wand of polymorph (12)
Scrolls
 e - a scroll of teleportation
 f - a scroll of acquirement {unknown}
 h - a scroll of summoning {unknown}
 i - 3 scrolls of amnesia {unknown}
 j - a scroll of blinking {unknown}
 s - 4 scrolls of identify {unknown}
 u - 2 scrolls of fear {unknown}
 v - a scroll of enchant armour {unknown}
 y - a scroll of enchant weapon {unknown}
 A - a scroll of fog {unknown}
 D - a scroll of noise {unknown}
Potions
 b - 2 potions of magic
 c - 2 potions of flight
 g - 4 potions of haste
 k - 3 potions of curing
 l - a potion of mutation {unknown}
 m - a potion of ambrosia {unknown}
 o - 2 potions of heal wounds {unknown}
 q - 3 potions of berserk rage {unknown}
 x - a potion of resistance {unknown}
 B - a potion of invisibility {unknown}
 E - a potion of degeneration {unknown}
 F - a potion of lignification {unknown}


   Skills:
 + Level 1.8 Fighting
 - Level 6.0 Dodging
 + Level 3.0 Stealth
 + Level 2.7 Spellcasting
 - Level 2.0 Conjurations
 + Level 14.5 Air Magic
 + Level 1.8 Evocations


You had 6 spell levels left.
You knew the following spells:

 Your Spells              Type           Power      Damage    Failure   Level
a - Shock                 Conj/Air       100%       1d9       1%          1
b - Static Discharge      Conj/Air       50%        N/A       1%          2
c - Airstrike             Air            27%        N/A       1%          4

Your spell library contained the following spells:

 Spells                   Type           Power      Damage    Failure   Level
 Swiftness                Air            55%        N/A       1%          3
 Ensorcelled Hibernation  Hex/Ice        4%         N/A       24%         2
 Passwall                 Tmut/Erth      1%         N/A       24%         2
 Ozocubu's Armour         Ice            2%         N/A       43%         3
 Spider Form              Tmut/Pois      2%         N/A       43%         3
 Conjure Ball Lightning   Conj/Air       25%        3x3d7     63%         6
 Anguish                  Hex/Necr       1%         N/A       83%         4
 Iskenderun's Battlesphe  Conj           15%        2d7       88%         5
 Fireball                 Conj/Fire      4%         3d4       96%         5
 Metabolic Englaciation   Hex/Ice        1%         N/A       99%         5
 Simulacrum               Ice/Necr       1%         N/A       100%        6
 Orb of Destruction       Conj           7%         9d6       100%        7


Dungeon Overview and Level Annotations

Branches:
Dungeon (6/15)            Ossuary (visited)
 Temple: D:4-7

Altars:
Makhleb
Okawaru
Ru
Uskayaw
Beogh

Annotations:
D:5 3 runed translucent doors, CowFu's ghost, novice GrHu


Innate Abilities, Weirdness & Mutations

You have a beak for a mouth.
You have claws for feet.
Your magical nature lets you fly swiftly and evasively.


Message History

As you read the scroll of teleportation, it crumbles to dust.
You feel strangely unstable. The scorpion completely misses you.
Items here: ( ) ? †.
You see here 11 stones.
The scorpion attacks as you move away! The scorpion stings you.
* * * LOW HITPOINT WARNING * * *
You are lethally poisoned!
The scorpion poisons you!
Your surroundings seem slightly different.
* * * LOW HITPOINT WARNING * * *
You feel very sick.
You see here a hound corpse.
You feel better.
As you read the scroll of teleportation, it crumbles to dust.
You feel strangely unstable.
Your surroundings suddenly seem different.
A black bear comes into view.
Okay, then.
The helpless black bear fails to defend itself.
You hit the black bear. Your peck misses the black bear.
The black bear is lightly wounded.
The black bear misses you. The black bear completely misses you.
The black bear claws you but does no damage.
Casting: Static Discharge (safe; 1% risk of failure)
Confirm with . or Enter, or press ? or * to list all spells.
You feel a surge of power!
The black bear is struck by an arc of lightning!
The black bear is heavily wounded.
You are struck by an arc of lightning.
* * * LOW HITPOINT WARNING * * *
The lightning grounds out.
The black bear closely misses you. The black bear misses you.
The black bear claws you.
* * * LOW HITPOINT WARNING * * *
Unknown command.
Unknown command.
You barely miss the black bear. You claw the black bear!
The black bear is almost dead.
The black bear goes berserk!
The black bear bites you!
You die...

.⌠ #. .>? #.# s ##$ #.# .. .≈##
#.# ..≈ #.. #.# ###.#####.≈..
#.?# #.# ......h@##.... #.
#.######.###.##### #..≈### ###≈
#.........##. ##.†.####...
#.######..#.. ##.###...)(.##
#.........#.# #....########
#.######..#.# #...# #...#
#.######..#.########...# #.###
...)..)...#............# ##.##
..####..)..........#[#.####...###


You could see a black bear (berserk).

Vanquished Creatures
  An orc warrior (D:4)
  A black bear (D:6)
  2 centaurs
  3 ogres
  2 phantoms
  A bullfrog (D:6)
  11 scorpions
  4 killer bees (D:4)
  A centaur zombie (Ossuary)
  3 human zombies (Ossuary)
  6 hounds
  4 orc priests
  A gnoll shaman (D:6)
  A jelly (D:5)
  4 iguanas
  5 orc wizards
  5 scorpion zombies (Ossuary)
  3 mummies (Ossuary)
  6 adders
  2 gnolls
  An ufetubus (D:5)
  A worm (D:3)
  2 dart slugs
  21 orcs
  5 ball pythons
  10 endoplasms
  4 giant cockroaches
  A gnoll zombie (Ossuary)
  9 hobgoblins
  4 quokkas
  5 bats
  4 frilled lizards
  9 goblins
  A goblin zombie (Ossuary)
  6 hobgoblin zombies (Ossuary)
  6 kobolds
  4 kobold zombies (Ossuary)
  An orc zombie (Ossuary)
  4 rats
164 creatures vanquished.

Notes
Turn   | Place    | Note
-------+----------+-------------------------------------------
     0 | D:1      | quinnr the Tengu Air Elementalist began the quest for the
                  | Orb.
     0 | D:1      | Reached XP level 1. HP: 10/10 MP: 4/4
   598 | D:1      | Reached XP level 2. HP: 15/15 MP: 3/6
   648 | D:1      | Reached skill level 5 in Air Magic
   917 | D:2      | Found a hide-covered altar of Uskayaw.
   956 | D:2      | Reached XP level 3. HP: 19/19 MP: 5/7
   959 | D:2      | Learned a level 2 spell: Static Discharge
  1322 | D:2      | Reached skill level 6 in Air Magic
  1402 | D:2      | Reached XP level 4. HP: 24/24 MP: 2/8
  1494 | D:2      | Learned a level 4 spell: Airstrike
  2001 | D:3      | Found a faded altar of an unknown god.
  2135 | D:3      | Found a burning altar of Makhleb.
  2605 | D:3      | Reached skill level 7 in Air Magic
  2870 | D:4      | Gained mutation: Your magical nature lets you fly swiftly
                  | and evasively. [Tengu growth]
  2870 | D:4      | Reached XP level 5. HP: 28/28 MP: 4/9
  2979 | D:4      | Noticed an ogre
  2981 | D:4      | Noticed a +0 dagger
  2982 | D:4      | Noticed a +0 hand axe
  2983 | D:4      | Killed an ogre
  2984 | D:4      | Reached skill level 8 in Air Magic
  3019 | D:4      | Noticed an orc warrior
  3020 | D:4      | Found a hide-covered altar of Uskayaw.
  3033 | D:4      | HP: 2/28 [orc wizard/puff of flame (4)]
  3035 | D:4      | Reached XP level 6. HP: 2/32 MP: 4/10
  3704 | D:4      | Reached skill level 9 in Air Magic
  3771 | D:4      | Reached XP level 7. HP: 25/36 MP: 1/11
  4409 | D:4      | Reached skill level 10 in Air Magic
  5549 | D:4      | Reached skill level 11 in Air Magic
  5549 | D:4      | Reached XP level 8. HP: 39/41 MP: 0/12
  5765 | D:4      | Found an iron altar of Okawaru.
  6004 | D:5      | Entered Level 5 of the Dungeon
  6004 | D:5      | Found a sand-covered staircase.
  6014 | Ossuary  | Entered an ossuary
  6529 | Ossuary  | Reached skill level 5 in Dodging
  7126 | Ossuary  | Reached skill level 12 in Air Magic
  8086 | Ossuary  | Reached skill level 13 in Air Magic
  8086 | Ossuary  | Reached XP level 9. HP: 39/45 MP: 5/13
  8565 | D:5      | Found a sacrificial altar of Ru.
  8664 | D:5      | Reached skill level 14 in Air Magic
  8702 | D:5      | Found a runed translucent gate.
  8703 | D:5      | Found a runed translucent gate.
  8712 | D:5      | Found a runed translucent gate.
  8712 | D:5      | Noticed CowFu's ghost (novice GrHu)
  8715 | D:5      | Identified the +2 scale mail of the Fiend {rCorr}
  9841 | D:6      | Reached skill level 1 in Fighting
  9841 | D:6      | Reached skill level 1 in Evocations
  9977 | D:6      | Noticed a two-headed ogre
  9991 | D:6      | HP: 3/48 [centaur (5)]
 10001 | D:6      | HP: 4/48 [poisoned by a scorpion]
 10010 | D:6      | Slain by a black bear

Illustrated notes

Levels and vault maps discovered:
D:1:      wander_arrival_chamber, layout_basic
D:2:      cheibrodos_helix_gallery, layout_basic, basic_altar,
          kennysheep_generic_room_8
D:3:      layout_rooms, old_standard_altar, hellmonk_ecumenical_altar_zigzags,
          st_stairs_14, chequers_serial_rivers_room_a, minmay_pentomino_pile
D:4:      nicolae_cairo_tiling, layout_cave_pods, mainiacjoe_overflow_24_doors,
          dancing_weapons_uskayaw, minmay_temple_entry_from_below_a,
          minmay_joined_circles
D:5:      layout_loops_corners, lemuel_crystal_altar, enter_ossuary_1,
          biasface_ghost_orc_armoury
D:6:      layout_loops_ring, general_overflow_altar,
          mainiacjoe_overflow_alcove_4, cheibrodos_sewer_entry_bend,
          minmay_misc_feat_doors, nzn_random_ring

Skill      XL: |  1  2  3  4  5  6  7  8  9 |
---------------+----------------------------+-----
Conjurations   | 2 |  2.0
Air Magic      | 5 6 7 8 9 11 13 14 | 14.5
Dodging        | 3 4 6 |  6.0
Fighting       | 1 |  1.8
Evocations     | 1 |  1.8
Stealth        | 3 |  3.0
Spellcasting   | |  2.7

Action                   |  1- 3 |  4- 6 |  7- 9 || total
-------------------------+-------+-------+-------++-------
Melee: Staff             |     4 |     1 |    21 ||    26
       Kick              |     1 |     1 |     8 ||    10
       Peck              |     1 |       |     5 ||     6
 Cast: Shock             |    51 |    75 |   220 ||   346
       Static Discharge  |       |     5 |    22 ||    27
       Airstrike         |       |     4 |    40 ||    44
Evoke: Wand              |       |       |     5 ||     5
  Use: Potion            |       |     1 |     4 ||     5
       Scroll            |       |       |     3 ||     3
 Stab: Sleeping          |       |       |     1 ||     1
Armor: Robe              |     3 |     1 |     7 ||    11
Dodge: Dodged            |     6 |    12 |    79 ||    97

Table legend: (Time is in decaauts)
 A = Elapsed time spent in this place.
 B = Non-inter-level travel time spent in this place.
 C = Inter-level travel time spent in this place.
 D = Time resting spent in this place.
 E = Time spent auto-exploring this place.
 F = Levels seen in this place.
 G = Mean time per level.
                   A        B        C        D        E       F      G
               +--------+--------+--------+--------+--------+-----+--------+
         Total |   9775 |   9500 |    275 |   2038 |   6205 |   7 | 1396.4 |
       Dungeon |   7487 |   7212 |    275 |   1266 |   5094 |   6 | 1247.8 |
       Ossuary |   2287 |   2287 |      0 |    771 |   1111 |   1 | 2287.0 |
               +--------+--------+--------+--------+--------+-----+--------+

Top non-repeatable levels by time:
 Ossuary: 2287 daAuts
     D:4: 2153 daAuts
     D:3: 1886 daAuts
     D:5: 1247 daAuts
     D:2: 1022 daAuts
     D:1: 899 daAuts
     D:6: 278 daAuts
